 Dungeon Crawl Stone Soup version 0.20-a0-396-gbf3f530 (webtiles) character file.

198 Kriby the Magician (level 5, -3/35 HPs)
             Began as a Mummy Fire Elementalist on Dec 31, 2016.
             Slain by a worker ant (7 damage)
             ... on level 4 of the Dungeon.
             The game lasted 00:05:10 (3011 turns).

Kriby the Magician (Mummy Fire Elementalist)        Turns: 3011, Time: 00:05:11

Health: -3/35      AC:  2    Str: 11    XL:     5   Next: 47%
Magic:  0/11       EV: 12    Int: 15    God:
Gold:   150        SH:  0    Dex: 13    Spells: 8/12 levels left

rFire  x . .     SeeInvis .     i - +2 hand axe (flame)
rCold  + . .     Gourm    .     a - +0 robe
rNeg   + + +     Faith    .     (no shield)
rPois  ∞         Spirit   .     (no helmet)
rElec  .         Reflect  .     (no cloak)
rCorr  .         Harm     .     (no gloves)
MR     .....                    (no boots)
Stlth  ++........               (no amulet)
                                (no ring)
                                (no ring)

@: no status effects
A: no food or potions, fire vulnerability, cold resistance 1, negative energy
resistance 3, torment resistance, unbreathing
a: no special abilities


You were on level 4 of the Dungeon.
You were not hungry.

You visited 1 branch of the dungeon, and saw 4 of its levels.

You collected 150 gold pieces.

Inventory:

Hand Weapons
 i - a +2 hand axe of flaming (weapon)
Armour
 a - a +0 robe (worn)
Wands
 k - a wand of iceblast (6/15)
Scrolls
 c - 2 scrolls of fog {unknown}
 d - a scroll of fear {unknown}
 e - 3 scrolls of teleportation {unknown}
 f - 2 scrolls of amnesia {unknown}
 g - 3 scrolls of identify {unknown}
 h - a scroll of magic mapping {unknown}
 j - a scroll of recharging {unknown}
 l - a scroll of enchant armour {unknown}
 m - a scroll of immolation {unknown}
Books
 b - a book of Flames

   Spells                             Type                      Level
   a - Flame Tongue                   Conjuration/Fire             1
   b - Throw Flame                    Conjuration/Fire             2
   c - Conjure Flame                  Conjuration/Fire             3
   d - Inner Flame                    Hexes/Fire                   3
   e - Sticky Flame                   Conjuration/Fire             4
   f - Fireball                       Conjuration/Fire             5


   Skills:
 - Level 1.5 Dodging
 - Level 1.5 Stealth
 * Level 4.4 Spellcasting
 + Level 3.1 Conjurations
 + Level 3.1 Fire Magic


You had 8 spell levels left.
You knew the following spells:

 Your Spells              Type           Power        Failure   Level  Hunger
a - Flame Tongue          Conj/Fire      ##...        6%          1    N/A
b - Conjure Flame         Conj/Fire      ##......     17%         3    N/A

Dungeon Overview and Level Annotations

Branches:
Dungeon (4/15)
 Temple: D:4-7

Altars:
Nemelex Xobeh


Innate Abilities, Weirdness & Mutations

You do not eat or drink.
Your flesh is vulnerable to fire.
You are immune to poison.
Your flesh is cold resistant. (rC+)
You are immune to negative energy. (rN+++)
You are immune to unholy pain and torment.
You can survive without breathing.


Message History

Press: ? - help, Shift-Dir - straight line, f/p - worker ant
Aim: a worker ant (lightly wounded)
The flame tongue hits the worker ant.
The worker ant appears unharmed.
The worker ant is lightly wounded.
The worker ant bites you! The worker ant bites you.
You barely miss the worker ant.
The worker ant is lightly wounded.
The worker ant barely misses you. The worker ant bites you!
* * * LOW HITPOINT WARNING * * *
Casting: Flame Tongue
Confirm with . or Enter, or press ? or * to list all spells.
Aiming: Flame Tongue
Press: ? - help, Shift-Dir - straight line, f/p - worker ant
Aim: a worker ant (lightly wounded)
The flame tongue hits the worker ant.
The worker ant appears unharmed.
The worker ant is lightly wounded.
The worker ant closely misses you. The worker ant bites you!
You die...

#..# .# ... ##.# .
#####.. #. #.# ..<.a
.... #.# #..##..#
#.#### ####.....#
#....#
#####..†.##...#
####.# #.S...#### ...
.######.#####a######
.
.......†....@........
#...###.###.#########
###......#..#
#####....## #....#
##.#.# #.....
(.####.. ##.# .


You could see a worker ant and an adder.

Vanquished Creatures
  A howler monkey (D:4)
  A bullfrog skeleton (D:4)
  A hound (D:4)
  3 adders
  A worm (D:3)
  2 dart slugs
  A leopard gecko (D:4)
  2 orcs (D:3)
  A ball python (D:1)
  11 giant cockroaches
  4 goblins
  9 hobgoblins
  A quokka (D:2)
  9 bats
  3 frilled lizards
  4 kobolds
  7 rats
61 creatures vanquished.

Notes
Turn   | Place    | Note
-------+----------+-------------------------------------------
     0 | D:1      | Kriby the Mummy Fire Elementalist began the quest for the Orb.
     0 | D:1      | Reached XP level 1. HP: 13/13 MP: 4/4
   311 | D:1      | Reached skill level 3 in Spellcasting
   311 | D:1      | Reached skill level 1 in Conjurations
   427 | D:1      | Reached XP level 2. HP: 10/19 MP: 0/6
  1020 | D:2      | Reached XP level 3. HP: 20/24 MP: 4/7
  1073 | D:2      | Learned a level 3 spell: Conjure Flame
  2020 | D:3      | Found a sparkling altar of Nemelex Xobeh.
  2195 | D:3      | Reached XP level 4. HP: 30/30 MP: 7/9
  2910 | D:4      | Reached skill level 4 in Spellcasting
  2910 | D:4      | Reached XP level 5. HP: 24/35 MP: 3/11
  3011 | D:4      | Slain by a worker ant

Vault maps used:
D:1:      minmay_arrival_hallway
D:2:      minmay_roachtagon
D:3:      lemuel_coloured_pillars_altar, serial_bayou_pond_a, minivault_14
D:4:      portal_sewer_entry_d, first_bread, item_on_display_a, uniq_eustachio

Skill      XL: |  1  2  3  4  5 |
---------------+----------------+-----
Spellcasting   | 3 4 |  4.4
Conjurations   | 1 2 3 |  3.1
Fire Magic     | 3 |  3.1
Dodging        | |  1.5
Stealth        | |  1.5

Action                   |  1- 3 |  4- 6 || total
-------------------------+-------+-------++-------
Melee: Unarmed           |     9 |       ||     9
       Hand axe          |    21 |     3 ||    24
 Cast: Flame Tongue      |    62 |    43 ||   105
       Conjure Flame     |     1 |     1 ||     2
Armor: Robe              |    11 |     8 ||    19
Dodge: Dodged            |    41 |    14 ||    55
